 Dungeon Crawl Stone Soup version 0.30-b1-2-g02819fbbbe (webtiles) character file.

Game seed: 6376347676254986949

2716 Metae the Shield-Bearer (level 9, -4/79 HPs)
             Began as a Minotaur Fighter on June 30, 2023.
             Was a Priest of Uskayaw.
             Killed by nerve-wracking pain
             ... invoked by a shadow imp
              (13 damage)
             ... on level 7 of the Dungeon.
             The game lasted 00:15:22 (7044 turns).

Metae the Shield-Bearer (Minotaur Fighter)          Turns: 7044, Time: 00:15:22

Health: -4/79      AC: 17    Str: 25    XL:     9   Next: 39%
Magic:  10/10      EV: 10    Int:  5    God:    Uskayaw [***...]
Gold:   145        SH: 10    Dex: 10    Spells: 8/8 levels left

rFire   . . .        L - +3 dagger (speed)
rCold   + . .        c - +0 buckler
rNeg    . . .        x - +0 chain mail
rPois   .            (helmet restricted)
rElec   +            y - +0 cloak
rCorr   .            (no gloves)
SInv    .            n - +0 pair of boots
Will    .....        J - amulet of reflection Stlth
                     w - ring of Nesuefun {Wiz rElec rC+}
HPRegen 0.33/turn    F - +4 ring of protection
MPRegen 0.12/turn

%: reflection, wizardry (x1)
@: slowed, very slow
A: horns 2, retaliatory headbutt
a: Renounce Religion, Stomp, Line Pass


You were on level 7 of the Dungeon.
You worshipped Uskayaw.
Uskayaw was noncommittal.
You visited 2 branches of the dungeon, and saw 8 of its levels.
You also visited: Ossuary.

You collected 439 gold pieces.
You spent 294 gold pieces at shops.

Inventory:

Hand Weapons
 a - a +0 rapier
 L - a +3 dagger of speed (weapon)
Missiles
 j - 9 poisoned darts
 E - 3 javelins (quivered)
 G - a throwing net
Armour
 c - a +0 buckler (worn)
 n - a +0 pair of boots (worn)
 x - a +0 chain mail (worn)
 y - a +0 cloak (worn)
Jewellery
 w - the ring of Nesuefun (left hand) {Wiz rElec rC+}
   (You found it on level 3 of the Dungeon)

   [ring of wizardry]

   It improves your spell success rate.
   rC:        It protects you from cold.
   rElec:     It insulates you from electricity.
 F - a +4 ring of protection (right hand)
 H - a ring of positive energy
 J - an amulet of reflection (around neck)
Wands
 e - a wand of mindburst (21)
 D - a wand of polymorph (12)
Scrolls
 f - 2 scrolls of brand weapon
 h - a scroll of poison {unknown}
 i - a scroll of enchant armour {unknown}
 l - 2 scrolls of silence
 m - a scroll of fog {unknown}
 r - a scroll of amnesia {unknown}
 s - 6 scrolls of teleportation
 t - a scroll of enchant weapon {unknown}
 v - 2 scrolls of fear
 z - 2 scrolls of noise {unknown}
 B - 3 scrolls of vulnerability
 C - a scroll of torment {unknown}
 K - a scroll of blinking {unknown}
Potions
 b - a potion of attraction {unknown}
 d - 5 potions of might
 g - 6 potions of curing
 k - a potion of magic {unknown}
 o - 3 potions of berserk rage
 p - 2 potions of lignification {unknown}
 q - 2 potions of flight
 A - 6 potions of heal wounds
 I - 2 potions of mutation {unknown}


   Skills:
 + Level 7.5 Fighting
 + Level 6.4 Short Blades
 + Level 7.6 Armour
 + Level 5.8 Dodging
 + Level 7.7 Shields
 + Level 3.2 Invocations


You had 8 spell levels left.
You didn't know any spells.
Your spell library contained the following spells:

 Spells                   Type           Power      Damage    Failure   Level
 Apportation              Tloc           0%         N/A       69%         1
 Necrotise                Necr           0%         1d4       69%         1
 Slow                     Hex            0%         N/A       69%         1
 Summon Small Mammal      Summ           0%         N/A       69%         1
 Cigotuvi's Dreadful Rot  Necr/Pois/Air  0%         N/A       82%         2
 Ensorcelled Hibernation  Hex/Ice        0%         N/A       82%         2
 Lesser Beckoning         Tloc           0%         N/A       82%         2
 Call Canine Familiar     Summ           0%         N/A       96%         3
 Confusing Touch          Hex            0%         N/A       96%         3
 Gell's Gravitas          Tloc           0%         N/A       96%         3
 Ignite Poison            Fire/Tmut/Pois 0%         N/A       96%         3
 Portal Projectile        Hex/Tloc       0%         N/A       96%         3
 Spider Form              Tmut/Pois      0%         N/A       96%         3
 Teleport Other           Tloc           0%         N/A       96%         3
 Tukima's Dance           Hex            0%         N/A       96%         3
 Vampiric Draining        Necr           0%         2d6       96%         3
 Anguish                  Hex/Necr       0%         N/A       100%        4
 Leda's Liquefaction      Hex/Erth       0%         N/A       100%        4
 Passage of Golubria      Tloc           0%         N/A       100%        4
 Freezing Cloud           Conj/Ice/Air   0%         6-21      100%        5
 Lee's Rapid Deconstruct  Erth           0%         3d4*      100%        5
 Yara's Violent Unravell  Hex/Tmut       0%         3d3       100%        5
 Statue Form              Tmut/Erth      0%         N/A       100%        6


Dungeon Overview and Level Annotations

Branches:
Dungeon (7/15)             Temple (1/1) D:4         Ossuary (visited)

Altars:
Ashenzari
Dithmenos
Elyvilon
Fedhas
Gozag
Hepliaklqana
Kikubaaqudgha
Makhleb
Nemelex Xobeh
Qazlal
Ru
Trog
Uskayaw
Wu Jian
Yredelemnul
Zin
The Shining One

Shops:
D:3 (   D:4 :   D:5 [   D:7 !


Innate Abilities, Weirdness & Mutations

You have a pair of horns on your head.
You reflexively headbutt those who attack you in melee.


Message History

A shadow imp comes into view.
The howler monkey hits you but does no damage.
The wraith attacks as you move away! You block the wraith's attack.
The howler monkey attacks as you move away!
The howler monkey hits you but does no damage.
You hit the howler monkey but do no damage.
The howler monkey is lightly wounded.
The howler monkey barely misses you. You furiously retaliate!
You headbutt the howler monkey. The wraith barely misses you.
You furiously retaliate!
You headbutt the wraith. You barely miss the howler monkey.
The howler monkey is moderately wounded.
You block the howler monkey's attack. You block the wraith's attack.
You hit the howler monkey.
The howler monkey is severely wounded.
The howler monkey closely misses you. The wraith hits you but does no damage.
Uskayaw will force your foes to helplessly watch your dance.
Uskayaw prepares the audience for your solo!
The helpless howler monkey fails to defend itself.
You impale the howler monkey!!
You kill the howler monkey!
The wraith is no longer paralysed.
The shadow imp is no longer paralysed.
The lava snake is no longer paralysed.
The wraith hits you. The wraith drains your vigour!
You feel as though you will be slow longer.
The lava snake spits lava at you.
You block glob of lava... and reflect it back!
The glob of lava hits the lava snake!
The lava snake partially resists.
The shadow imp barely misses you. The wraith hits you!
The wraith drains your vigour!
You feel as though you will be slow longer.
The shadow imp hits you. The lava snake spits lava at you.
The glob of lava hits you!!
* * * LOW HITPOINT WARNING * * *
You see here a howler monkey corpse.
The wraith hits you but does no damage. The shadow imp gestures at you.
Pain shoots through your body!
You die...

#...##..............#...##..##
##..##.....#.#.#....#...##+###
#<.##..............#...# #
######+####..#.....#...# #
#..#.....# # ≈§≈≈# #..#.....#
# ≈§§§≈≈≈## #..# #
≈§§§§≈§≈###..# ≈§§§§§§≈≈##.@#
... ≈§§§≈≈≈≈≈§#W†# ....
≈§§≈§≈§§§≈#.5#.....
.§#≈§§§§S≈#..#.....
##........'.##..... ..
##....../.'........ ..
..#≈§≈≈≈SS#........ #
§§§≈≈≈§≈≈≈#........ #
§≈≈≈≈§≈≈≈≈#........ +


You could see a wraith, a lava snake (catching breath) and a shadow imp.

Vanquished Creatures
  Grinder (D:3)
  A water moccasin (D:5)
  A sky beast (D:5)
  3 black bears
  An ice beast (D:6)
  2 ogres (D:6)
  2 phantoms
  2 kobold brigands
  5 elf zombies (Ossuary)
  2 bullfrogs (D:6)
  2 howler monkeys
  A centaur zombie (Ossuary)
  A lava snake (D:7)
  3 jellies
  A human zombie (Ossuary)
  2 orc priests
  2 sleepcaps
  Crazy Yiuf (D:3)
  3 hounds
  A gnoll bouda (D:6)
  4 iguanas
  2 orc wizards
  2 mummies (Ossuary)
  3 adders
  9 gnolls
  4 white imps
  2 ufetubi (D:5)
  3 adder zombies (Ossuary)
  A worm (D:2)
  4 dart slugs
  21 orcs
  5 bats
  7 endoplasms
  A giant cockroach (D:2)
  7 goblins
  6 hobgoblins
  6 jackals
  15 kobolds
  3 quokkas
  11 ball pythons
  2 frilled lizards
  A goblin zombie (Ossuary)
  6 hobgoblin zombies (Ossuary)
  9 kobold zombies (Ossuary)
  10 orc zombies (Ossuary)
  6 rats
  A rat zombie (Ossuary)
188 creatures vanquished.

Notes
Turn   | Place    | Note
-------+----------+-------------------------------------------
     0 | D:1      | Metae the Minotaur Fighter began the quest for the Orb.
     0 | D:1      | Reached XP level 1. HP: 19/19 MP: 0/0
   394 | D:1      | Reached XP level 2. HP: 27/27 MP: 1/1
   722 | D:2      | Reached skill level 1 in Dodging
   799 | D:2      | Reached XP level 3. HP: 33/33 MP: 2/2
   970 | D:2      | Found a shadowy altar of Dithmenos.
  1379 | D:2      | Reached XP level 4. HP: 40/40 MP: 3/3
  1725 | D:3      | Noticed Grinder
  1727 | D:3      | Paralysed by Grinder for 4 turns
  1740 | D:3      | Killed Grinder
  1741 | D:3      | Reached XP level 5. HP: 20/47 MP: 4/4
  2022 | D:3      | Identified the ring of Nesuefun {Wiz rElec rC+}
  2040 | D:3      | Found Fyxane's Weapon Shop.
  2109 | D:3      | Reached XP level 6. HP: 54/55 MP: 5/5
  2408 | D:3      | Found a runed translucent door.
  2409 | D:3      | Noticed Crazy Yiuf
  2417 | D:3      | Killed Crazy Yiuf
  2418 | D:3      | Reached skill level 5 in Shields
  2593 | D:4      | Reached skill level 5 in Fighting
  2593 | D:4      | Reached skill level 5 in Armour
  2725 | D:4      | Found Aboupsig's Book Shop.
  2787 | D:4      | Found a sand-covered staircase.
  2796 | Ossuary  | Entered an ossuary
  2964 | Ossuary  | Reached XP level 7. HP: 61/61 MP: 6/6
  3521 | D:4      | Found a staircase to the Ecumenical Temple.
  3534 | Temple   | Entered the Ecumenical Temple
  3796 | Temple   | Became a worshipper of Uskayaw the Reveller
  3958 | D:4      | Reached * piety under Uskayaw
  4089 | D:4      | Identified the staff of death "Seirghal" {rPois rN+}
  4133 | D:5      | Entered Level 5 of the Dungeon
  4133 | D:5      | Found Mauppix's Antique Armour Boutique.
  4140 | D:5      | Reached ** piety under Uskayaw
  4323 | D:5      | Reached *** piety under Uskayaw
  4325 | D:5      | Reached skill level 5 in Short Blades
  4325 | D:5      | Reached XP level 8. HP: 51/70 MP: 7/7
  4342 | D:5      | Reached **** piety under Uskayaw
  4648 | D:5      | Reached skill level 1 in Invocations
  4648 | D:5      | Reached ***** piety under Uskayaw
  5118 | D:5      | Reached skill level 5 in Dodging
  5152 | D:6      | Reached ****** piety under Uskayaw
  5455 | D:5      | Reached XP level 9. HP: 46/79 MP: 9/9
  6895 | D:7      | Found Sostas's Distillery.
  6902 | D:7      | Bought 2 potions of heal wounds for 140 gold pieces
  6902 | D:7      | Bought a potion of curing for 42 gold pieces
  6902 | D:7      | Bought a potion of heal wounds for 70 gold pieces
  6902 | D:7      | Bought a potion of flight for 42 gold pieces
  7044 | D:7      | Killed from afar by a shadow imp

Illustrated notes

Levels and vault maps discovered:
D:1:      wander_arrival_fairy_ring, layout_basic, serial_park_tiny_2
D:2:      layout_basic, basic_altar, minmay_joined_circles
D:3:      layout_basic, serial_shops, nicolae_diamond_shop,
          uniq_crazy_yiuf_cottage, uniq_grinder
D:4:      layout_gridville, temple_green, enter_ossuary_1, serial_shops, shop
D:5:      layout_rooms, serial_shops, shop, hangedman_decor_slide_cut,
          grunt_ministairs_1
D:6:      layout_basic
D:7:      kennysheep_big_flooded_room, layout_gridville,
          chequers_temple_overflow_statue_of_worship, serial_glass,
          glass_columns_a, glass_columns_b, serial_shops, shop
Temple:   mainiacjoe_temple_big_plus

Skill      XL: |  1  2  3  4  5  6  7  8  9 |
---------------+----------------------------+-----
Dodging        | 1 2 3 4 5 |  5.8
Shields        | 4 5 6 7 |  7.7
Armour         | 4 5 6 7 |  7.6
Fighting       | 4 5 6 7 |  7.5
Short Blades   | 3 4 5 6 |  6.4
Invocations    | 2 3 |  3.2

Action                     |  1- 3 |  4- 6 |  7- 9 || total
---------------------------+-------+-------+-------++-------
  Melee: Rapier            |   116 |   183 |   417 ||   716
         Headbutt          |    22 |    29 |    98 ||   149
         Dagger            |       |       |    38 ||    38
  Throw: Javelin           |       |       |     1 ||     1
         Throwing net      |       |       |     1 ||     1
    Use: Scroll            |       |       |     6 ||     6
   Stab: Paralysed         |       |       |     9 ||     9
 Armour: Scale mail        |    52 |    10 |       ||    62
         Chain mail        |       |    77 |   216 ||   293
  Dodge: Dodged            |    47 |    59 |   205 ||   311
  Block: Buckler           |    28 |    32 |   114 ||   174
         Reflection        |       |       |     2 ||     2
